Unix NetHack Version 5.0.0-0 post-release - last build Jun 10 2026 00:39:30 (3ee93aec679c4c4259841fe613dc97188e26a321,branch:main).

Game began 2026-06-17 12:06:52, ended 2026-06-17 16:17:47.

Ch3Begorrah, chaotic male human Rogue

                              ----------      --------
                             #....{Z...|     #.......|      -----
                             #|(...`...|      |<.....|      |...|
                             #---.------     #.......|      |...|
                             #   #####        -----|--      |....###
                             #       #           ###        |...|  #
                             ##      #           #          --.--  #
                              #      #           #            #    ####
                              #      #           #            #       ###
                              #      ###       --|----        #         #
                              #      --.--     |......#      ##         #
                  ---- -------#      |...+     |.....|####   #          # ----
                  |..........|#      |...|     |.....|   ############## ##...|
                  |.>......@..#      |^..|     |.....|##  --.---      ##  |..|
                  +........u.|       |.^.|   # ------- ###+....|       ###...|
                  ------------       |....############## #|....|          |..|
                                     -----           #####.....|          |..|
                                                         #--.---          ----

Ch3Begorrah the Rogue   St:25 Dx:18 Co:16 In:9 Wi:10 Ch:9  Chaotic
Dlvl:8  $:540 HP:0(47) Pw:26(26) AC:8  Xp:6 T:3594 

Latest messages:
 The white unicorn vanishes and reappears close by.
 You hear some noises.
 What do you want to use or apply? [ae-gDLMUW or ?*] U
 Your lantern is now on.
 What do you want to use or apply? [ae-gDLMUW or ?*] f
 C - a potion called Golden s50.
 You hear a jackal howling at the moon.
 What do you want to drink? [C or ?*] C
 You feel much better.
 You hear a jackal howling at the moon.
 A board beneath you squeaks a G note loudly.
 Your little dog turns into an iron golem!
 The white unicorn appears close by!
 You see here a statue of an orc zombie.
 You see here a large box.
 What do you want to use or apply? [ae-gDLMUW or ?*] e
 In what direction? .
 There is a large box here; pick its lock? [ynq] (q) y
 You succeed in picking the lock.
 $ - 128 gold pieces (540 in total).
 n - a potion called White cheap.
 What do you want to use or apply? [ae-gDLMUW or ?*] f
 What do you want to use or apply? [ae-gDLMUW or ?*] f
 You put a potion called White cheap into the sack.
 What do you want to use or apply? [ae-gDLMUW or ?*] f
 What do you want to use or apply? [ae-gDLMUW or ?*] f
 F - a potion of extra healing.
 The white unicorn butts!
 The white unicorn kicks!
 The white unicorn butts!
 The white unicorn kicks!
 In what direction? j
 The dagger hits the white unicorn!
 The white unicorn butts!
 The white unicorn kicks!
 The white unicorn butts!
 The white unicorn kicks!
 What do you want to drink? [F or ?*] F
 You feel much better.
 The white unicorn butts!
 The white unicorn kicks!
 The white unicorn butts!
 The white unicorn kicks!
 In what direction? j
 The dagger hits the white unicorn!
 The white unicorn butts!
 The white unicorn kicks!
 The white unicorn butts!
 You die...
 Do you want your possessions identified? [ynq] (y) q

Inventory:
 Coins    ('$')
  $ - 540 gold pieces
 Amulets  ('"')
  q - an uncursed amulet of ESP (being worn)
 Weapons  (')')
  b - a +0 dagger (weapon in right hand)
  h - 9 +0 daggers (at the ready)
 Armor    ('[')
  y - an uncursed +0 pair of gauntlets of power (being worn)
  E - a cursed -2 mummy wrapping (being worn)
  x - an uncursed +0 Hawaiian shirt with a bird of paradise motif
  c - a blessed +1 leather armor (being worn)
 Comestibles  ('%')
  J - 3 uncursed slime molds
  v - an uncursed food ration
  R - 2 uncursed fortune cookies
  X - 2 uncursed eggs
 Scrolls  ('?')
  Z - an uncursed scroll of identify
  T - an uncursed scroll of teleportation named ok
 Rings    ('=')
  o - an uncursed ring of fire resistance
  H - a cursed ring of fire resistance
  w - an uncursed +1 ring of protection
  p - an uncursed ring of slow digestion named ok
 Wands    ('/')
  M - a wand of magic missile (0:2)
  L - a wand of secret door detection (0:13)
  W - a wand of secret door detection (0:13)
  D - a cursed wand of sleep (0:6)
 Tools    ('(')
  f - an uncursed sack containing 21 items
  g - a cursed blindfold
  U - an uncursed brass lantern (lit)
  e - a cursed lock pick
  a - an uncursed pair of lenses
 Gems/Stones  ('*')
  O - 2 uncursed citrine stones
  N - an uncursed opal
  Q - an uncursed topaz stone
  S - 3 uncursed worthless pieces of black glass
  V - an uncursed worthless piece of blue glass
  k - a cursed worthless piece of orange glass
  r - a cursed worthless piece of red glass
  P - an uncursed worthless piece of yellowish brown glass

Contents of the sack:
  an uncursed scroll of punishment
  an uncursed scroll of earth
  a blessed scroll of earth
  an uncursed scroll of confuse monster
  an uncursed scroll of create monster
  an uncursed scroll of gold detection
  an uncursed scroll of genocide
  a blessed scroll of identify
  4 uncursed scrolls of magic mapping
  an uncursed spellbook of force bolt
  an uncursed spellbook of jumping
  an uncursed spellbook of wizard lock
  an uncursed spellbook of cause fear
  an uncursed potion of hallucination
  a cursed potion of gain level
  an uncursed potion of gain energy
  3 potions of holy water named Unc
  2 uncursed potions of object detection
  an uncursed potion of fruit juice
  a cursed potion of fruit juice
  an uncursed potion of sickness

Ch3Begorrah the Rogue's attributes:

Background:
 You were a Rogue, level 6 male human.
 You were chaotic, nominally on a mission for Kos
 who was opposed by Issek (lawful) and Mog (neutral).
 You were right-handed.
 You were in the Dungeons of Doom, on level 8.
 You entered the dungeon 3594 turns ago.
 There was a new moon in effect when your adventure ended.
 You had 527 experience points, 113 more were needed to attain level 7.

Basics:
 You had 0 out of 47 hit points.
 You had all 26 energy points (spell power).
 Your armor class was 8.
 Your wallet contained 540 zorkmids.
 Autopickup was on for '$!/(' plus thrown, with exceptions.

Final Characteristics:
 Your strength was 25 (base:5, peak:13, innate limit:18/100).
 Your dexterity was 18 (limit:18).
 Your constitution was 16 (limit:18).
 Your intelligence was 9 (limit:18).
 Your wisdom was 10 (limit:18).
 Your charisma was 9 (limit:18).

Final Status:
 You weren't hungry.
 You were unencumbered.
 You were wielding a dagger.
 You were skilled in dagger.

Final Attributes:
 You were piously aligned.
 You were telepathic.
 You were stealthy.
 You were warded.
 You are dead.

Miscellaneous:
 You encountered 1 bones level.
 Total elapsed playing time was 39 minutes and 47 seconds.

Major events:
 Turn
    1: Ch3Begorrah the chaotic male human Rogue entered the dungeon
  857: entered the Gnomish Mines
 1366: attained the rank of Cutpurse (level 3)
 2453: entered Sokoban
 2641: attained the rank of Rogue (level 6)
 3594: killed by a white unicorn

You didn't know any spells.

Skills:
 Fighting Skills
   bare handed combat [Unskilled]
   two weapon combat  [Unskilled]
   riding             [Unskilled]
 Weapon Skills
   dagger             [Skilled]
   knife              [Unskilled]
   short sword        [Basic]
   broadsword         [Unskilled]
   long sword         [Unskilled]
   two-handed sword   [Unskilled]
   saber              [Unskilled]
   club               [Unskilled]
   mace               [Unskilled]
   morning star       [Unskilled]
   flail              [Unskilled]
   hammer             [Unskilled]
   polearms           [Unskilled]
   spear              [Unskilled]
   crossbow           [Unskilled]
   dart               [Unskilled]
   shuriken           [Unskilled]
 Spellcasting Skills
   divination spells  [Unskilled]
   escape spells      [Unskilled]
   matter spells      [Unskilled]

Voluntary challenges:
 Character rerolling was not enabled.
 You followed a strict vegan diet.
 You were an atheist.
 You never genocided any monsters.
 You never polymorphed an object.
 You never changed form.
 You used no wishes.
 You did not violate any of the special Sokoban rules.
Achievements:
 You entered a shop.
 You entered the Gnomish Mines.
 You attained the rank of Cutpurse.
 You entered Sokoban.
 You attained the rank of Rogue.

 The Dungeons of Doom: levels 1 to 8
    Level 1:
    Level 2:
       A ring shop.
    Level 3:
       A fountain.
       Stairs down to The Gnomish Mines.
    Level 4:
       A general store.
       Final resting place for
          atorox-Tou-Hum-Mal-Neu, killed by a manes, while frozen by a floating eye's gaze.
    Level 5:
       Many fountains.
       Oracle of Delphi.
    Level 6:
       A fountain.
       Stairs up to Sokoban, level 5.
    Level 7:
    Level 8: <- You were here.
       A fountain.
       Final resting place for
          you, killed by a white unicorn.
 The Gnomish Mines:
    Level 4:
 Sokoban:
    Level 5:
       Unsolved.


Vanquished creatures:
  a ghost
  a small mimic
  a giant beetle
  a leprechaun
  a dwarf mummy
  a dingo
  a water nymph
  a mountain nymph
  a Mordor orc
  a fog cloud
  a gnomish wizard
  a black naga hatchling
  4 gray oozes
 an elf zombie
  a ghoul
  2 giant ants
  a little dog
  3 floating eyes
  a kitten
  a rabid rat
  a monkey
  3 werejackals
 an acid blob
  2 coyotes
  a manes
  2 large kobolds
  2 yellow molds
  a red mold
  a gnome
  6 garter snakes
  a gnome zombie
  2 geckos
  8 jackals
  2 foxes
  a goblin
  2 sewer rats
  2 grid bugs
  a bat
  4 lichens
  a kobold zombie
  4 newts
74 creatures vanquished.

No species were genocided or became extinct.

Game over:
                       ----------
                      /          \
                     /    REST    \
                    /      IN      \
                   /     PEACE      \
                  /                  \
                  |   Ch3Begorrah    |
                  |      540 Au      |
                  |   killed by a    |
                  |  white unicorn   |
                  |                  |
                  |                  |
                  |       2026       |
                 *|     *  *  *      | *
        _________)/\\_//(\/(/\)/\//\/|_)_______

Goodbye Ch3Begorrah the Rogue...

You died in The Dungeons of Doom on dungeon level 8 with 2994 points,
and 540 pieces of gold, after 3594 moves.
You were level 6 with a maximum of 47 hit points when you died.

